 Dungeon Crawl Stone Soup version 0.27.1 (webtiles) character file.

Game seed: 17200696619352235315

54 Destapler the Insei (level 3, 0/23 HPs)
             Began as an Octopode Transmuter on Aug 29, 2021.
             Slain by a black bear (12 damage)
             ... on level 2 of the Dungeon.
             The game lasted 00:06:40 (2251 turns).

Destapler the Insei (Octopode Transmuter)           Turns: 2251, Time: 00:06:41

Health: 0/23       AC:  1    Str:  9    XL:     3   Next: 91%
Magic:  6/6        EV: 13    Int: 16    God:
Gold:   171        SH:  0    Dex: 12    Spells: 5/6 levels left

rFire    . . .     SeeInvis .     - Unarmed
rCold    . . .     Faith    .   (no shield)
rNeg     . . .     Spirit   .   (helmet currently unavailable)
rPois    .         Reflect  .   (no amulet)
rElec    .         Harm     .   d - ring of willpower
rCorr    .         Rampage  .   (no ring)
Will     +....                  (no ring)
Stlth    +++.......             (no ring)
HPRegen  0.07/turn              (no ring)
MPRegen  0.10/turn              (no ring)
                                (no ring)
                                (no ring)

@: appendages (expiring)
A: tentacle spike 3, almost no armour, amphibious, 8 rings, camouflage 1,
gelatinous body 1, (nimble swimmer 1), tentacles
a: End Transformation


You were on level 2 of the Dungeon.
One of your tentacles had grown a beastly spike.
You visited 1 branch of the dungeon, and saw 2 of its levels.

You collected 171 gold pieces.

Inventory:

Missiles
 e - 3 boomerangs (quivered)
Jewellery
 d - a ring of willpower (left tentacle)
Scrolls
 a - a scroll of magic mapping {unknown}
 b - a scroll of vulnerability {unknown}
 g - 3 scrolls of identify {unknown}
 h - a scroll of noise {unknown}
Potions
 c - a potion of mutation {unknown}


   Skills:
 - Level 1.0 Fighting
 - Level 2.0 Dodging
 + Level 2.4 Stealth
 + Level 3.4 Unarmed Combat
 + Level 2.4 Spellcasting
 + Level 2.6 Transmutations


You had 5 spell levels left.
You knew the following spells:

 Your Spells              Type           Power      Damage    Failure   Level
a - Beastly Appendage     Tmut           20%        N/A       7%          1

Your spell library contained the following spells:

 Spells                   Type           Power      Damage    Failure   Level
 Wereblood                Tmut           10%        N/A       10%         2
 Animate Skeleton         Necr           2%         N/A       21%         1
 Apportation              Tloc           2%         N/A       21%         1
 Corona                   Hex            1%         N/A       21%         1
 Summon Small Mammal      Summ           4%         N/A       21%         1
 Spider Form              Tmut/Pois      3%         N/A       34%         3
 Ice Form                 Ice/Tmut       6%         N/A       75%         4


Dungeon Overview and Level Annotations

Branches:
Dungeon (2/15)

Altars:
Dithmenos
Lugonu

Portals:
Abyss: D:1


Innate Abilities, Weirdness & Mutations

One of your tentacles has grown a beastly spike.
You cannot wear most types of armour.
You are amphibious.
You can wear up to eight rings at the same time.
Your skin changes colour to match your surroundings (Stealth+).
Your rubbery body absorbs attacks. (AC +1, EV +1)
((You are camouflaged near water. (Stealth+)))
You have tentacles for arms and can constrict up to eight enemies at once.


Message History

Press: ? - help, Q - select action, (/) - cycle Shift-Dir - straight line, f/p - black bear
Aim: a black bear (64% to hit)
Okay, then.
You tentacle-slap the endoplasm.
You kill the endoplasm!
You throw a throwing net. The throwing net hits the black bear.
The black bear is caught in the net!
The black bear struggles against the net.
You tentacle-slap the black bear. You grab the black bear.
The black bear is lightly wounded.
You constrict the black bear.
The black bear struggles against the net.
You tentacle-slap the black bear but do no damage.
You pierce the black bear.
You squeeze the black bear.
The black bear is moderately wounded.
You constrict the black bear.
The black bear struggles against the net.
You tentacle-slap the black bear.
You pierce the black bear, but do no damage.
The black bear is heavily wounded.
You constrict the black bear.
The black bear struggles against the net.
You tentacle-slap the black bear.
You pierce the black bear.
You squeeze the black bear, but do no damage.
The black bear is severely wounded.
Your transformation is almost over.
You constrict the black bear.
The black bear goes berserk!
The black bear struggles against the net.
The net rips apart, and the black bear comes free!
You release your grip on the black bear.
You throw a boomerang.
The boomerang hits the black bear but does no damage.
The black bear is severely wounded.
The black bear rages.
The black bear bites you! The black bear closely misses you.
The black bear barely misses you. The black bear bites you.
The black bear misses you. x2
The black bear bites you!
Ouch! That really hurt!
You die...

.........########.._....#
.#######.#.............##
#.#.###.........#
#...#.........#.#
##..#...........#
##..#.......#####
#...........#
##########.#...#.....#######
..........h@................
..[...(###.#..########......
.......###.#..### #......
.........#.#....# #......
####.#.....###..# #......
#.#.#........# #...... .
#.####...#.## #...... ##
#.#..#.###..# ##'####
#.#......#..# #.....


You could see a black bear (berserk).

Vanquished Creatures
  An adder (D:2)
  A dart slug (D:1)
  3 ball pythons (D:1)
  7 endoplasms
  2 giant cockroaches
  3 goblins (D:1)
  6 hobgoblins (D:1)
  5 kobolds
  A quokka (D:1)
  2 bats (D:1)
  3 frilled lizards (D:1)
  4 rats (D:1)
38 creatures vanquished.

Vanquished Creatures (others)
  5 toadstools (D:1)
5 creatures vanquished.

Grand Total: 43 creatures vanquished

Notes
Turn   | Place    | Note
-------+----------+-------------------------------------------
     0 | D:1      | Destapler the Octopode Transmuter began the quest for the
                  | Orb.
     0 | D:1      | Reached XP level 1. HP: 13/13 MP: 3/3
   330 | D:1      | Noticed a quasit
   332 | D:1      | Found a corrupted altar of Lugonu.
   332 | D:1      | Noticed an iron imp
   332 | D:1      | Noticed a quasit
   333 | D:1      | Noticed a quasit
   334 | D:1      | Reached skill level 1 in Stealth
   336 | D:1      | Noticed an iron imp
   339 | D:1      | Reached XP level 2. HP: 7/18 MP: 3/5
   515 | D:1      | Found a one-way gate to the infinite horrors of the Abyss.
   846 | D:1      | Reached XP level 3. HP: 23/23 MP: 3/6
  2026 | D:2      | Found a shadowy altar of Dithmenos.
  2086 | D:2      | Found a faded altar of an unknown god.
  2236 | D:2      | Noticed a black bear
  2251 | D:2      | Slain by a black bear

Illustrated notes

Levels and vault maps discovered:
D:1:      erik_arrival_cave_to_civilisation [erik_arrival_cave_to_temple],
          layout_rooms, grunt_decor_cap, roderic_lattice_a,
          minmay_gold_behind_fungi
D:2:      layout_basic, basic_altar, shapermc_ecumenical_altar_ellora,
          minivault_27

Skill      XL: |  1  2  3 |
---------------+----------+-----
Stealth        | 1 2 |  2.4
Fighting       | |  1.0
Dodging        | |  2.0
Unarmed Combat | |  3.4
Spellcasting   | |  2.4
Transmutations | |  2.6

Action                   || total
-------------------------++-------
Melee: Unarmed           ||    81
       Kick              ||    24
       Constrict         ||    21
       Tentacles         ||    14
       Punch             ||     1
Throw: Boomerang         ||     3
       Throwing net      ||     1
 Cast: Beastly Appendage ||    29
 Stab: Sleeping          ||    11
Armor: Skin              ||     5
Dodge: Dodged            ||    49
